 Dungeon Crawl Stone Soup version 0.20.1-1-g8b1a95d66d (webtiles) character file.

75 Peloso the Covered (level 4, -1/41 HPs)
             Began as a Minotaur Fighter on Dec 29, 2017.
             Slain by a gnoll
             ... wielding a +0 spear
              (4 damage)
             ... on level 2 of the Dungeon.
             The game lasted 00:01:58 (808 turns).

Peloso the Covered (Minotaur Fighter)                Turns: 808, Time: 00:01:58

Health: -1/41      AC:  7    Str: 18 (20) XL:     4   Next: 11%
Magic:  3/3        EV:  7    Int:  2 (3)  God:
Gold:   154        SH:  9    Dex:  9 (11) Spells: 3/3 levels left

rFire    . . .     SeeInvis .   a - +0 long sword
rCold    + . .     Gourm    .   c - +0 shield
rNeg     . . .     Faith    .   b - +0 scale mail
rPois    +         Spirit   .   (helmet restricted)
rElec    .         Reflect  .   (no cloak)
rCorr    .         Harm     .   (no gloves)
MR       .....     Clarity  +   (no boots)
Stlth    ..........             (no amulet)
Regen    0.2/turn               (no ring)
MPRegen  0.1/turn               (no ring)

@: no status effects
A: retaliatory headbutt, horns 2, clarity, cold resistance 1, dopey 1, poison
resistance
a: no special abilities


You were on level 2 of the Dungeon.
You were not hungry.

You visited 1 branch of the dungeon, and saw 2 of its levels.

You collected 154 gold pieces.

Inventory:

Hand Weapons
 a - a +0 long sword (weapon)
Armour
 b - a +0 scale mail (worn)
 c - a +0 shield (worn)
Jewellery
 k - a +2 ring of strength {unknown}
Scrolls
 e - a scroll of enchant weapon {unknown}
 g - a scroll of identify {unknown}
 j - a scroll of random uselessness {unknown}
 l - 2 scrolls of teleportation {unknown}
Potions
 d - a potion of might
 h - a potion of invisibility
 m - 2 potions of curing
Comestibles
 f - 2 bread rations
 i - 2 meat rations
 o - 2 royal jellies


   Skills:
 + Level 4.3 Fighting
 + Level 3.2 Long Blades
 + Level 4.4 Armour
 + Level 4.2 Shields


You had 3 spell levels left.
You didn't know any spells.

Dungeon Overview and Level Annotations

Branches:
Dungeon (2/15)

Altars:


Innate Abilities, Weirdness & Mutations

You reflexively headbutt those who attack you in melee.
You have a pair of horns on your head.
You possess an exceptional clarity of mind.
Your flesh is cold resistant. (rC+)
You are dopey. (Int -2)
Your system is resistant to poisons. (rPois)


Message History

The gnoll hits you with a spear.
You see here a whip.
You completely miss the gnoll. The gnoll hits you with a spear.
* * * LOW HITPOINT WARNING * * *
You hit the gnoll but do no damage. You block the gnoll's attack.
You hit the gnoll.
The gnoll is lightly wounded.
You block the gnoll's attack. The gnoll barely misses you.
You hit the gnoll.
The gnoll is moderately wounded.
The gnoll hits you with a spear!
* * * LOW HITPOINT WARNING * * *
You hit the gnoll.
The gnoll is severely wounded.
The gnoll barely misses you.
You riposte.
You hit the gnoll but do no damage.
The gnoll is severely wounded.
Your scale mail prevents you from hitting the gnoll.
The gnoll is severely wounded.
The gnoll hits you with a spear.
You die...

#. ##########.
#.......... #.#######..
#.# #.. #.#######..
#..........
#.##########)#####....
#...g@.<).(..## #.#.#
###########...# #.#.#
#....# ##.#.# ##....#
#..#.#
#.##########...#####.##.#
.>...................##.#
#..########....########)#
#.#.## #.# #.#.# #####.#


You could see a gnoll.

Vanquished Creatures
  2 gnolls (D:2)
  3 adders (D:2)
  A worm (D:1)
  3 dart slugs (D:1)
  A leopard gecko (D:2)
  3 goblins
  2 hobgoblins
  A jackal (D:2)
  2 bats
  2 frilled lizards (D:2)
  A rat (D:2)
21 creatures vanquished.

Notes
Turn   | Place    | Note
-------+----------+-------------------------------------------
     0 | D:1      | Peloso the Minotaur Fighter began the quest for the Orb.
     0 | D:1      | Reached XP level 1. HP: 19/19 MP: 0/0
   182 | D:1      | Reached XP level 2. HP: 27/27 MP: 1/1
   188 | D:1      | Gained mutation: You are dopey. (Int -2) [potion of mutation]
   188 | D:1      | Gained mutation: You possess an exceptional clarity of mind. [potion of mutation]
   188 | D:1      | Gained mutation: Your system is resistant to poisons. (rPois) [potion of mutation]
   188 | D:1      | Gained mutation: Your flesh is cold resistant. (rC+) [potion of mutation]
   614 | D:2      | Reached XP level 3. HP: 31/33 MP: 2/2
   801 | D:2      | Reached XP level 4. HP: 18/41 MP: 3/3
   808 | D:2      | Slain by a gnoll

Skill      XL: |  1  2  3 |
---------------+----------+-----
Armour         | 4 |  4.4
Shields        | 4 |  4.2
Fighting       | 4 |  4.3
Long Blades    | 3 |  3.2

Action                   |  1- 3 |  4- 6 || total
-------------------------+-------+-------++-------
Melee: Long sword        |    76 |     6 ||    82
       Headbutt          |    11 |       ||    11
  Use: Potion            |     5 |       ||     5
Armor: Scale mail        |    35 |       ||    35
Dodge: Dodged            |    31 |     3 ||    34
Block: Shield            |    33 |     2 ||    35
       Rpst.: Long sword |     7 |     1 ||     8
